 Dungeon Crawl Stone Soup version 0.28-a0-1435-g82390b3a13 (webtiles) character file.

Game seed: 3785939294242917264

3513 SensoryNuts the Carver (level 9, -3/64 HPs)
             Began as a Demonspawn Fighter on Jan 9, 2022.
             Was an Elder of Hepliaklqana.
             Splashed by a brown ugly thing's acid (7 damage)
             ... on level 6 of the Dungeon.
             The game lasted 00:10:41 (7753 turns).

SensoryNuts the Carver (Demonspawn Fighter)         Turns: 7753, Time: 00:10:42

Health: -3/64      AC:  3    Str: 21    XL:     9   Next: 81%
Magic:  9/9        EV: 10    Int: 10    God:    Hepliaklqana [****..]
Gold:   354        SH:  4    Dex: 10    Spells: 8/8 levels left

rFire   . . .      SeeInvis +   j - +4 long sword (protect)
rCold   + . .      Faith    .   c - +0 buckler
rNeg    . . .      Spirit   .   b - +0 scale mail
rPois   .          Reflect  .   (helmet unavailable)
rElec   .          Harm     .   e - +1 cloak
rCorr   .          Rampage  .   (no gloves)
Will    .....                   (no boots)
Stlth   ..........              n - amulet of magic regeneration
HPRegen 0.20/turn               q - ring of protection from cold
MPRegen 0.51/turn               (no ring)

@: corroded
A: reduced essence, antennae 3, rugged brown scales 1, ignite blood 1, spiny 2,
clumsy 1, wild magic 1
a: Renounce Religion, Recall Ancestor, Ancestor Identity, Transference, Idealise


You were on level 6 of the Dungeon.
You worshipped Hepliaklqana.
Hepliaklqana was greatly pleased with you.
You visited 1 branch of the dungeon, and saw 8 of its levels.
You also visited: Sewer.

You collected 355 gold pieces.
You spent 1 gold pieces at shops.

Inventory:

Hand Weapons
 a - a +0 long sword
 j - a +4 long sword of protection (weapon)
Missiles
 d - 3 throwing nets (quivered)
Armour
 b - a +0 scale mail (worn)
 c - a +0 buckler (worn)
 e - a +1 cloak (worn)
 i - a +0 helmet
 u - the -2 pair of boots of Daozi {Contam rElec MP-9 SInv}
   (You bought it in a shop on level 6 of the Dungeon)

   rElec:     It insulates you from electricity.
   MP:        It affects your magic capacity (-9).
   SInv:      It lets you see invisible.
   Contam:    It causes magical contamination when unequipped.
Jewellery
 n - an amulet of magic regeneration (around neck)
 q - a ring of protection from cold (left hand)
 r - an amulet of the acrobat
Wands
 l - a wand of flame (12)
 x - a wand of charming (9)
Scrolls
 m - 4 scrolls of identify
 o - 4 scrolls of fog
 p - a scroll of fear
 t - a scroll of blinking
 v - a scroll of teleportation
 y - a scroll of enchant weapon
Potions
 f - 4 potions of curing
 g - a potion of cancellation
 h - 3 potions of flight
 s - a potion of invisibility {unknown}
 w - a potion of haste


   Skills:
 + Level 6.2 Fighting
 + Level 8.4 Long Blades
 + Level 6.8 Armour
 + Level 4.0 Dodging
 + Level 1.1 Stealth
 + Level 4.5 Shields


You had 8 spell levels left.
You didn't know any spells.
Your spell library contained the following spells:

 Spells                   Type           Power      Damage    Failure   Level
 Corpse Rot               Necr/Air       0%         N/A       92%         2
 Ensorcelled Hibernation  Hex/Ice        0%         N/A       92%         2
 Poisonous Vapours        Pois/Air       0%         N/A       92%         2
 Spider Form              Tmut/Pois      0%         N/A       99%         3
 Tukima's Dance           Hex            0%         N/A       99%         3
 Enfeeble                 Hex            0%         N/A       100%        7


Dungeon Overview and Level Annotations

Branches:
Dungeon (8/15)             Temple (0/1) D:5           Sewer (visited)
   Lair: D:8-11

Altars:
Hepliaklqana
Ru
Yredelemnul

Shops:
D:6 [


Innate Abilities, Weirdness & Mutations

Your life essence is reduced to manifest your ancestor. (-10% HP)
You have a pair of large antennae on your head. (SInv)
You are partially covered in rugged brown scales. (AC +1, +3% HP)
Your demonic aura sometimes causes spilled blood to erupt in flames.
You are mostly covered in sharp spines.
You are clumsy. (Dex -2)
Your spells are a little harder to cast, but a little more powerful.


Message History

The stone arrow hits the orc warrior!
The orc warrior hits Nyx with a +1 trident of freezing!
The orc warrior freezes Nyx.
Nyx is destroyed!
The orc warrior shouts!
You feel much better.
The brown ugly thing is struck by your spines.
The brown ugly thing barely misses you.
Unknown command.
Unknown command.
The brown ugly thing trunk-slaps you. The acid corrodes you!
You are splashed with acid!
The brown ugly thing trunk-slaps you!
You are splashed with acid!
* * * LOW HITPOINT WARNING * * *
You feel much better. The brown ugly thing trunk-slaps you!
The acid corrodes you!
You are splashed with acid!
* * * LOW HITPOINT WARNING * * *
You block the orc warrior's attack.
The orc priest calls upon Beogh to heal the orc warrior.
The orc warrior is healed somewhat.
The brown ugly thing is engulfed in blazing flames.
There is a stone staircase leading up here.
You feel much better.
The brown ugly thing trunk-slaps you but does no damage.
You block the brown ugly thing's attack.
The orc warrior hits you from afar with a +1 trident of freezing!
The orc warrior freezes you.
You climb upwards.
There is a stone staircase leading down here.
You block the brown ugly thing's attack.
You block the brown ugly thing's attack.
There is an escape hatch in the ceiling here.
The brown ugly thing trunk-slaps you.
You are splashed with acid!
* * * LOW HITPOINT WARNING * * *
A mysterious force pulls you upwards. The hatch slams shut behind you.
The brown ugly thing is struck by your spines.
The brown ugly thing trunk-slaps you!
* * * LOW HITPOINT WARNING * * *
You are splashed with acid!
You die...

...# #....##.....# ####
#....##.....# #
#....##.....## #
#....#####...# ### ######
#.######### ..#
#.#.......# #.#
############.#.....#.# #.#
#.........##.#.......# #.#
#.........##@#...#)∩.# #.#
#............u.......##
#.#
#########..........#..####
#.# #.........#......# #.#
#.........#...##.# ..#
#.........#...##.# ..#
#.........#...##.# ..#
#.........#...#..# ..#
####.####.#..##.##


You could see a brown ugly thing.

Vanquished Creatures
  Pikel (D:7)
  A troll (D:6)
  Sigmund (D:2)
  A steam dragon (D:6)
  Duvessa (D:5)
  2 sky beasts
  2 ice beasts
  A necrophage (D:6)
  2 ogres (D:6)
  A black bear (D:5)
  A lemure (D:7)
  A phantom (D:4)
  A kobold brigand (Sewer)
  A bullfrog (D:7)
  A wyvern skeleton (D:6)
  Dowan (D:5)
  A wight (D:6)
  2 howler monkeys
  A bullfrog zombie (D:5)
  A centaur zombie (D:7)
  4 hounds
  Crazy Yiuf (D:2)
  3 jellies
  2 orc priests (D:5)
  A bullfrog skeleton (D:7)
  A gnoll shaman (D:4)
  3 iguanas
  An orc wizard (D:5)
  A howler monkey zombie (D:6)
  8 adders
  8 gnolls (D:4)
  A river rat (Sewer)
  A shadow imp (D:6)
  3 white imps
  3 ufetubi
  2 worms
  3 dart slugs
  11 orcs
  9 ball pythons
  6 endoplasms
  6 giant cockroaches
  6 hobgoblins
  9 jackals
  9 kobolds
  10 quokkas
  6 bats
  6 frilled lizards
  4 goblins
  9 rats
161 creatures vanquished.

Vanquished Creatures (collateral kills)
  A sky beast (D:7)
  A black bear (D:6)
  A centaur (D:8)
  A bullfrog (D:8)
  A howler monkey (D:8)
  An orc priest (D:7)
  2 orc wizards
  An adder (D:2)
  A shadow imp (D:6)
  A white imp (D:7)
  An orc (D:3)
  A ball python (D:2)
  An endoplasm (D:2)
  A giant cockroach (D:2)
  2 hobgoblins
17 creatures vanquished.

Vanquished Creatures (others)
  A battlemage (D:8)
  2 ancestors
  2 fungi (D:6)
5 creatures vanquished.

Grand Total: 183 creatures vanquished

Notes
Turn   | Place    | Note
-------+----------+-------------------------------------------
     0 | D:1      | SensoryNuts the Demonspawn Fighter began the quest for the
                  | Orb.
     0 | D:1      | Reached XP level 1. HP: 18/18 MP: 1/1
   259 | D:1      | Reached skill level 2 in Long Blades
   319 | D:1      | Gained mutation: You are partially covered in sharp spines.
                  | [demonic ancestry]
   319 | D:1      | Reached XP level 2. HP: 24/24 MP: 2/2
   361 | D:1      | Found a faded altar of an unknown god.
   388 | D:1      | Prayed at the altar of an unknown god.
   388 | D:1      | Became a worshipper of Hepliaklqana the Forgotten
   388 | D:1      | Reached * piety under Hepliaklqana
  1344 | D:2      | Gained mutation: You have a pair of small antennae on your
                  | head. [demonic ancestry]
  1344 | D:2      | Reached XP level 3. HP: 26/26 MP: 3/3
  1722 | D:2      | Gained mutation: Your demonic aura sometimes causes spilled
                  | blood to erupt in flames. [demonic ancestry]
  1722 | D:2      | Reached XP level 4. HP: 27/31 MP: 4/4
  2162 | D:2      | Noticed Sigmund
  2171 | D:2      | Killed Sigmund
  2172 | D:2      | Reached skill level 3 in Long Blades
  2172 | D:2      | Reached skill level 1 in Dodging
  2172 | D:2      | Gained mutation: You have a pair of antennae on your head.
                  | [demonic ancestry]
  2172 | D:2      | Reached XP level 5. HP: 26/36 MP: 5/5
  2172 | D:2      | Reached XP level 6. HP: 30/42 MP: 6/6
  2472 | D:2      | Found a runed translucent door.
  2473 | D:2      | Noticed Crazy Yiuf
  2777 | D:2      | Killed Crazy Yiuf
  2985 | D:3      | Reached ** piety under Hepliaklqana
  3001 | D:3      | Remembered your ancestor Nyx as a battlemage
  3026 | D:3      | Identified the +3 hunting sling of the Ancient Servitors
                  | {freeze, rPois}
  3060 | D:3      | Reached skill level 4 in Long Blades
  4151 | D:4      | Noticed an ice beast
  4153 | D:4      | Found a glowing drain.
  4161 | D:4      | Gained mutation: You are mostly covered in sharp spines.
                  | [demonic ancestry]
  4161 | D:4      | Reached XP level 7. HP: 48/48 MP: 7/7
  4175 | Sewer    | Entered a sewer
  4586 | D:4      | Reached skill level 5 in Long Blades
  4857 | D:4      | Reached *** piety under Hepliaklqana
  5084 | D:5      | Entered Level 5 of the Dungeon
  5124 | D:5      | Reached skill level 5 in Armour
  5128 | D:5      | Noticed Duvessa
  5129 | D:5      | Gained mutation: You are partially covered in rugged brown
                  | scales. (AC +1, +3% HP) [demonic ancestry]
  5129 | D:5      | Reached XP level 8. HP: 46/56 MP: 8/8
  5130 | D:5      | Noticed Dowan
  5139 | D:5      | Killed Duvessa
  5140 | D:5      | Killed Dowan
  5290 | D:5      | Found a staircase to the Ecumenical Temple.
  5679 | D:5      | Gained mutation: You are clumsy. (Dex -2) [potion of
                  | mutation]
  5679 | D:5      | Gained mutation: Your spells are a little harder to cast,
                  | but a little more powerful. [potion of mutation]
  5679 | D:5      | Gained mutation: You have a pair of large antennae on your
                  | head. (SInv) [potion of mutation]
  5736 | D:6      | Reached skill level 6 in Long Blades
  5764 | D:6      | Reached skill level 5 in Fighting
  5945 | D:6      | Found Doses's Armour Shop.
  5953 | D:6      | Bought the -2 pair of boots of Daozi {Contam rElec MP-9
                  | SInv} for 1 gold piece
  6074 | D:6      | Noticed a troll
  6082 | D:6      | Killed a troll
  6083 | D:6      | Reached skill level 7 in Long Blades
  6083 | D:6      | Mutation became permanent: You have a pair of antennae on
                  | your head. [demonic ancestry]
  6083 | D:6      | Gained mutation: You have a pair of large antennae on your
                  | head. (SInv) [demonic ancestry]
  6083 | D:6      | Reached XP level 9. HP: 30/63 MP: 0/9
  6624 | D:6      | Found a sacrificial altar of Ru.
  6627 | D:6      | Found a basalt altar of Yredelemnul.
  7016 | D:7      | Noticed Pikel
  7022 | D:7      | Killed Pikel
  7023 | D:7      | Reached skill level 8 in Long Blades
  7358 | D:7      | Reached **** piety under Hepliaklqana
  7415 | D:7      | Reached skill level 1 in Stealth
  7716 | D:8      | Noticed a brown ugly thing
  7753 | D:6      | Splashed by a brown ugly thing's acid

Illustrated notes

Levels and vault maps discovered:
D:1:      minmay_arrival_pointy, layout_basic, basic_ecumenical_altar
D:2:      minmay_diamond_boxcup, layout_loops_ring, minmay_between,
          uniq_crazy_yiuf_cottage, uniq_sigmund
D:3:      layout_basic
D:4:      layout_loops_cross, portal_sewer_entry_f,
          amcnicky_mini_rare_corridor_liquid
D:5:      layout_basic, minmay_temple_entry_sparse_star, uniq_duvessa
D:6:      minmay_thick_lines, layout_basic, mainiacjoe_overflow_big_doors,
          serial_shops, nicolae_shop_stone
D:7:      layout_rooms, minmay_misc_feat_rugged, minmay_puff, uniq_pikel
D:8:      layout_cave_pools, nicolae_figureground_pulse

Skill      XL: |  1  2  3  4  5  6  7  8  9 |
---------------+----------------------------+-----
Long Blades    | 2 3 4 5 7 8 |  8.4
Shields        | 3 4 |  4.5
Armour         | 3 4 5 6 |  6.8
Dodging        | 1 2 3 4 |  4.0
Fighting       | 4 5 6 |  6.2
Stealth        | 1 |  1.1

Action                   |  1- 3 |  4- 6 |  7- 9 || total
-------------------------+-------+-------+-------++-------
Melee: Long sword        |    62 |   105 |   184 ||   351
Invok: Ancestor Identity |     1 |       |       ||     1
       Ancestor Life: Ba |       |     1 |       ||     1
       Recall Ancestor   |       |       |     2 ||     2
  Use: Potion            |     3 |     2 |     5 ||    10
       Scroll            |     1 |     4 |     5 ||    10
 Stab: Distracted        |       |       |     1 ||     1
Armor: Scale mail        |    32 |    40 |   104 ||   176
Dodge: Dodged            |    19 |    39 |    79 ||   137
Block: Buckler           |    13 |    22 |    55 ||    90

Table legend: (Time is in decaauts)
 A = Elapsed time spent in this place.
 B = Non-inter-level travel time spent in this place.
 C = Inter-level travel time spent in this place.
 D = Time resting spent in this place.
 E = Time spent auto-exploring this place.
 F = Levels seen in this place.
 G = Mean time per level.
                   A        B        C        D        E       F      G
               +--------+--------+--------+--------+--------+-----+--------+
         Total |   7851 |   7591 |    260 |    200 |   6149 |   9 |  872.3 |
       Dungeon |   7515 |   7255 |    260 |    200 |   5887 |   8 |  939.4 |
         Sewer |    336 |    336 |      0 |      0 |    262 |   1 |  336.0 |
               +--------+--------+--------+--------+--------+-----+--------+

Top non-repeatable levels by time:
     D:2: 1570 daAuts
     D:1: 1356 daAuts
     D:6: 1245 daAuts
     D:4: 1066 daAuts
     D:3: 840 daAuts
     D:7: 718 daAuts
     D:5: 653 daAuts
   Sewer: 336 daAuts
     D:8: 65 daAuts
